BUFFALO Sabres vs WASHINGTON Capitals

Created - 23 février 2024 at 14:29

Goals
1 2 3 T
BUFFALO Sabres 1 2 0 3
WASHINGTON Capitals 2 0 0 2
Shots
1 2 3 T
BUFFALO Sabres 8 13 15 36
WASHINGTON Capitals 9 7 6 22

1st period

1. WASHINGTON Capitals , Mario Ferraro 2 (Torey Krug 4, Scott Wedgewood) at 3:16 (PP)
2. BUFFALO Sabres , Jonas Brodin 3 (Nico Hischier 16) at 6:23 (PP)
3. WASHINGTON Capitals , Mario Ferraro 3 (Ivan Barbashev 6, Matt Duchene 4) at 19:39 (PP)

Penalties :
Nick Bjugstad (BUF) for Tripping (Minor) at 2:22, Carson Soucy (WSH) for Cross-checking (Minor) at 4:29, William Karlsson (WSH) for Holding (Minor) at 7:24, Jakob Chychrun (BUF) for Tripping (Minor) at 15:20, Curtis Lazar (BUF) for Holding Stick (Minor) at 18:27

2nd period

4. BUFFALO Sabres , Nico Hischier 11 (Brett Kulak 5) at 0:48
5. BUFFALO Sabres , Vladimir Tarasenko 6 (Jonas Brodin 12, Jack Eichel 13) at 19:53

Penalties :
Matt Duchene (WSH) for Fighting (Major) at 1:56, Brett Kulak (BUF) for Fighting (Major) at 1:56, Carson Soucy (WSH) for Holding (Minor) at 6:53, Ryan Strome (WSH) for High sticking (Double Minor) at 13:26

3rd period

No Goal

Penalties :
Kevin Shattenkirk (WSH) for Roughing (Minor) at 8:58, Carson Soucy (WSH) for Tripping (Minor) at 9:48, Pavel Buchnevich (WSH) for Roughing (Minor) at 15:57

Goalie Stats

Igor Shesterkin (BUF), 20 saves from 22 shots - (0,909), W, 11-6-1, 60:00 minutes
Scott Wedgewood (WSH), 33 saves from 36 shots - (0,917), L, 7-8-1, 59:01 minutes

Players Stats for BUFFALO Sabres

Player Name              G  A  P  +/- PIM S  H  SB GA TA FO     MP     PP MP  PK MP  
------------------------------------------------------------------------------------
Alex Tuch                0  0  0   1  0   2  2  0  0  0  0/2    21:58   7:41   1:32 
Brett Kulak              0  1  1   1  5   1  3  1  0  0  0/0    15:37   0:00   1:41 
Curtis Lazar             0  0  0   0  2   0  0  0  0  0  0/0     5:45   0:00   0:16 
Filip Hronek             0  0  0   1  0   3  1  0  0  0  0/0    20:36   7:02   0:00 
Ivan Provorov            0  0  0   1  0   3  1  0  0  0  0/0    25:58   7:37   2:24 
Jack Eichel              0  1  1   1  0   2  1  0  0  0  8/29   19:57   6:58   0:00 
Jakob Chychrun           0  0  0   0  2   3  1  0  0  0  0/0    18:23   7:02   0:00 
Jesper Bratt             0  0  0   1  0   4  0  0  0  0  0/1    20:00   7:41   0:00 
Jon Merrill              0  0  0   0  0   0  3  2  0  0  0/0    13:41   0:00   1:41 
Jonas Brodin             1  1  2   1  0   4  2  1  0  0  0/0    25:43   7:37   2:24 
Logan O'Connor           0  0  0   0  0   0  0  2  0  0  0/0    13:15   0:00   2:33 
Mattias Janmark          0  0  0   0  0   0  0  0  0  0  0/0     5:30   0:00   0:00 
Nick Bjugstad            0  0  0   0  2   2  0  0  0  0  4/7     6:27   0:00   0:58 
Nico Hischier            1  1  2   1  0   4  4  0  0  0  10/36  23:05   7:41   2:51 
Seth Jarvis              0  0  0   0  0   0  0  0  0  0  0/0    10:28   0:00   0:00 
Tage Thompson            0  0  0   0  0   2  2  0  0  0  7/15   10:28   0:00   0:00 
Valeri Nichushkin        0  0  0   1  0   1  1  0  0  0  1/1    19:17   6:58   0:00 
Vladimir Tarasenko       1  0  1   1  0   5  1  0  0  0  0/1    19:43   6:58   0:00 

Players Stats for WASHINGTON Capitals

Player Name              G  A  P  +/- PIM S  H  SB GA TA FO     MP     PP MP  PK MP  
------------------------------------------------------------------------------------
Barrett Hayton           0  0  0   0  0   0  0  0  0  0  3/6     3:34   0:00   0:00 
Brock Boeser             0  0  0  -2  0   1  2  0  0  0  1/1    17:37   2:08   0:00 
Carson Soucy             0  0  0   0  6   1  0  0  0  0  0/0    15:04   0:00   4:14 
Casey Mittelstadt        0  0  0  -2  0   2  2  0  0  0  0/2    15:29   0:00   0:00 
Christian Dvorak         0  0  0   0  0   1  0  0  0  0  11/19  13:21   0:00   2:06 
Ian Cole                 0  0  0  -1  0   1  2  1  0  0  0/0    23:20   0:00   8:47 
Ivan Barbashev           0  1  1   0  0   2  1  0  0  0  2/3    22:50   1:57   9:06 
Jason Dickinson          0  0  0   0  0   1  2  0  0  0  3/6    15:12   0:00   4:46 
John Carlson             0  0  0  -1  0   1  1  3  0  0  0/0    26:00   2:21   7:48 
Kevin Shattenkirk        0  0  0  -1  2   0  3  0  0  0  0/0    18:11   2:21   0:00 
Mario Ferraro            2  0  2   0  0   3  1  1  0  0  0/0    19:04   1:44   6:28 
Matt Duchene             0  1  1  -2  5   2  0  0  0  0  8/11   15:46   1:57   0:00 
Matt Grzelcyk            0  0  0   0  0   0  0  0  0  0  0/0     0:07   0:00   0:07 
Pavel Buchnevich         0  0  0   0  2   4  2  1  0  0  2/4    21:16   2:08   3:48 
Ross Colton              0  0  0   0  0   1  0  0  0  0  0/0     3:34   0:00   0:00 
Ryan Strome              0  0  0   0  4   1  1  0  0  0  1/1    12:22   1:57   0:00 
Torey Krug               0  1  1  -1  0   0  0  0  0  0  0/0    18:10   1:44   1:53 
William Karlsson         0  0  0   0  2   1  2  2  0  0  31/39  23:07   2:08   8:23 

3 Stars

1 - Nico Hischier (BUF)
2 - Jonas Brodin (BUF)
3 - Mario Ferraro (WSH)

Power Play

BUFFALO Sabres - 1 on 8 Attempt(s) - 12,50%
WASHINGTON Capitals - 2 on 3 Attempt(s) - 66,67%

Penalty Kill

BUFFALO Sabres - 1 on 3 Attempt(s) - 33,33% - Score 0 goal in Penalty Kill
WASHINGTON Capitals - 7 on 8 Attempt(s) - 87,50% - Score 0 goal in Penalty Kill

Team Stat

BUFFALO Sabres - Hits : 22 - Faceoff Wins : 30 - Blocked Shots : 6 - Penalty Minutes : 11
WASHINGTON Capitals - Hits : 19 - Faceoff Wins : 62 - Blocked Shots : 8 - Penalty Minutes : 21

Official

Referees : Anna Wiegand and Gord Dwyer
Linesman : Diana Mokhova and Derek Amell

Game Notes

Matt Duchene beats up Brett Kulak at 1:56 of 2nd period

Finance

Level 1 -- Attendance: 4911 (81,85%) -- Ticket Income $491,100
Level 2 -- Attendance: 4534 (90,68%) -- Ticket Income $272,040
Level 3 -- Attendance: 1709 (85,45%) -- Ticket Income $68,360
Level 4 -- Attendance: 3099 (77,48%) -- Ticket Income $77,475
Luxury Box -- Attendance: 828 (82,80%) -- Ticket Income $165,600
Game was played at the Verizon Center.
Total Attendance: 15081 (83,78%)
Total Ticket Income: $1,074,575
Other Income: $268,644
Total Income: $1,343,219

BUFFALO Sabres

5 vs 5 Forward 
   Center                   Left Wing                Right Wing               Time % Phy DF OF 
 1 Jack Eichel              Alex Tuch                Vladimir Tarasenko       37     0   2  3  
 2 Nico Hischier            Valeri Nichushkin        Jesper Bratt             33     0   2  3  
 3 Tage Thompson            Seth Jarvis              Logan O'Connor           20     1   2  2  
 4 Nick Bjugstad            Mattias Janmark          Curtis Lazar             10     1   2  2  

5 vs 5 Defense 
   Defense                  Defense                                           Time % Phy DF OF 
 1 Ivan Provorov            Jonas Brodin                                      40     1   2  2  
 2 Brett Kulak              Filip Hronek                                      30     1   2  2  
 3 Jakob Chychrun           Jon Merrill                                       20     1   3  1  
 4 Ivan Provorov            Jonas Brodin                                      10     1   3  1  

PowerPlay Forward 
   Center                   Left Wing                Right Wing               Time % Phy DF OF 
 1 Nico Hischier            Alex Tuch                Jesper Bratt             60     1   2  2  
 2 Jack Eichel              Valeri Nichushkin        Vladimir Tarasenko       40     1   2  2  

PowerPlay Defense
   Defense                  Defense                                           Time % Phy DF OF 
 1 Ivan Provorov            Jonas Brodin                                      60     1   2  2  
 2 Jakob Chychrun           Filip Hronek                                      40     1   2  2  

Penalty Kill 4 Players Forward 
   Center                   Wing                     Time % Phy DF OF 
 1 Nico Hischier            Logan O'Connor           60     1   2  2  
 2 Nick Bjugstad            Alex Tuch                40     1   2  2  

Penalty Kill 4 Players Defense
   Defense                  Defense                  Time % Phy DF OF 
 1 Ivan Provorov            Jonas Brodin             60     1   2  2  
 2 Brett Kulak              Jon Merrill              40     1   2  2  

Penalty Kill - 3 Players Forward 
   Forward                                           Time % Phy DF OF 
 1 Nico Hischier                                     60     1   2  2  
 2 Nick Bjugstad                                     40     1   2  2  

Penalty Kill - 3 Players Defense
   Defense                  Defense                  Time % Phy DF OF 
 1 Ivan Provorov            Jonas Brodin             60     1   2  2  
 2 Brett Kulak              Jon Merrill              40     1   2  2  

4 vs 4 Forward 
   Center                   Wing                     Time % Phy DF OF 
 1 Nico Hischier            Tage Thompson            60     1   2  2  
 2 Jack Eichel              Jesper Bratt             40     1   2  2  

4 vs 4 Defense
   Defense                  Defense                  Time % Phy DF OF 
 1 Ivan Provorov            Jonas Brodin             60     1   2  2  
 2 Jakob Chychrun           Filip Hronek             40     1   2  2  

Last Minutes Offensive
   Center                   Left Wing                Right Wing               Defense                  Defense                  
   Nico Hischier            Alex Tuch                Jesper Bratt             Ivan Provorov            Jonas Brodin             

Last Minutes Defensive
   Center                   Left Wing                Right Wing               Defense                  Defense                  
   Nico Hischier            Logan O'Connor           Nick Bjugstad            Ivan Provorov            Jonas Brodin             

Goaltenders
Starting : Igor Shesterkin          
Backup : Connor Ingram            

Extra Forwards
Normal : Jack Eichel, Nico Hischier, Tage Thompson - PP : Jack Eichel, Nico Hischier - PK : Nico Hischier
Extra Defensemen
Normal : Ivan Provorov, Jonas Brodin, Jakob Chychrun - PP : Ivan Provorov - PK : Jon Merrill, Jonas Brodin
Penalty Shots
Nico Hischier, Tage Thompson, Alex Tuch, Jesper Bratt, Jack Eichel

Scratches
Andrew Cogliano (Healthy), Henri Jokiharju (Healthy)

WASHINGTON Capitals

5 vs 5 Forward 
   Center                   Left Wing                Right Wing               Time % Phy DF OF 
 1 William Karlsson         Ivan Barbashev           Pavel Buchnevich         40     1   2  2  
 2 Matt Duchene             Casey Mittelstadt        Brock Boeser             30     1   2  2  
 3 Christian Dvorak         Jason Dickinson          Ryan Strome              20     1   2  2  
 4 Barrett Hayton           Ross Colton              Pavel Buchnevich         10     3   2  0  

5 vs 5 Defense 
   Defense                  Defense                                           Time % Phy DF OF 
 1 John Carlson             Kevin Shattenkirk                                 40     0   4  1  
 2 Ian Cole                 Torey Krug                                        30     0   4  1  
 3 Mario Ferraro            Carson Soucy                                      20     1   3  1  
 4 Torey Krug               John Carlson                                      10     0   4  1  

PowerPlay Forward 
   Center                   Left Wing                Right Wing               Time % Phy DF OF 
 1 William Karlsson         Pavel Buchnevich         Brock Boeser             60     1   0  4  
 2 Matt Duchene             Ivan Barbashev           Ryan Strome              40     1   0  4  

PowerPlay Defense
   Defense                  Defense                                           Time % Phy DF OF 
 1 John Carlson             Kevin Shattenkirk                                 70     0   1  4  
 2 Mario Ferraro            Torey Krug                                        30     0   1  4  

Penalty Kill 4 Players Forward 
   Center                   Wing                     Time % Phy DF OF 
 1 William Karlsson         Ivan Barbashev           60     1   4  0  
 2 Jason Dickinson          Pavel Buchnevich         40     1   4  0  

Penalty Kill 4 Players Defense
   Defense                  Defense                  Time % Phy DF OF 
 1 Ian Cole                 Mario Ferraro            60     1   4  0  
 2 John Carlson             Carson Soucy             40     1   4  0  

Penalty Kill - 3 Players Forward 
   Forward                                           Time % Phy DF OF 
 1 William Karlsson                                  60     0   5  0  
 2 Jason Dickinson                                   40     0   5  0  

Penalty Kill - 3 Players Defense
   Defense                  Defense                  Time % Phy DF OF 
 1 Ian Cole                 Mario Ferraro            60     0   5  0  
 2 John Carlson             Carson Soucy             40     0   5  0  

4 vs 4 Forward 
   Center                   Wing                     Time % Phy DF OF 
 1 William Karlsson         Pavel Buchnevich         60     1   2  2  
 2 Matt Duchene             Brock Boeser             40     1   2  2  

4 vs 4 Defense
   Defense                  Defense                  Time % Phy DF OF 
 1 John Carlson             Kevin Shattenkirk        60     1   2  2  
 2 Mario Ferraro            Torey Krug               40     1   2  2  

Last Minutes Offensive
   Center                   Left Wing                Right Wing               Defense                  Defense                  
   Matt Duchene             Pavel Buchnevich         Brock Boeser             John Carlson             Kevin Shattenkirk        

Last Minutes Defensive
   Center                   Left Wing                Right Wing               Defense                  Defense                  
   William Karlsson         Jason Dickinson          Pavel Buchnevich         John Carlson             Mario Ferraro            

Goaltenders
Starting : Scott Wedgewood          
Backup : Chris Driedger           

Extra Forwards
Normal : Pavel Buchnevich, Matt Duchene, William Karlsson - PP : William Karlsson, Brock Boeser - PK : Christian Dvorak
Extra Defensemen
Normal : Carson Soucy, Kevin Shattenkirk, Mario Ferraro - PP : John Carlson - PK : Ian Cole, Torey Krug
Penalty Shots
Matt Duchene, Pavel Buchnevich, Ivan Barbashev, William Karlsson, Ross Colton

Scratches
Sam Steel (Healthy)

% Time on Ice - BUFFALO Sabres

Lines # - Real PCT - Wanted PCT - Time Play
Normal Forward
1 - 31% - 37% - 12:45
2 - 30% - 33% - 12:19
3 - 26% - 20% - 10:28
4 - 13% - 10% - 5:30
Normal Defense
1 - 37% - 40% - 15:13
2 - 37% - 30% - 15:09
3 - 25% - 20% - 10:25
4 - 1% - 10% - 0:15
PP Forward
1 - 52% - 60% - 7:41
2 - 48% - 40% - 6:58
PP Defense
1 - 52% - 60% - 7:37
2 - 48% - 40% - 7:02
PK Forward
1 - 70% - 60% - 2:51
2 - 30% - 40% - 1:14
PK Defense
1 - 59% - 60% - 2:24
2 - 41% - 40% - 1:41
PK3 Forward
1 - 0% - 60%
2 - 0% - 40%
PK3 Defense
1 - 0% - 60%
2 - 0% - 40%
44 Forward
1 - 0% - 60%
2 - 0% - 40%
44 Defense
1 - 0% - 60%
2 - 0% - 40%
Last Minute Offensive  - 0:00
Last Minute Defensive  - 0:14
Total
Forward - 60:00
Defense - 60:00

% Time on Ice - WASHINGTON Capitals

Lines # - Real PCT - Wanted PCT - Time Play
Normal Forward
1 - 29% - 40% - 11:47
2 - 38% - 30% - 15:29
3 - 25% - 20% - 10:26
4 - 9% - 10% - 3:34
Normal Defense
1 - 38% - 40% - 15:51
2 - 35% - 30% - 14:33
3 - 26% - 20% - 10:52
4 - 0% - 10% - 0:00
PP Forward
1 - 52% - 60% - 2:08
2 - 48% - 40% - 1:57
PP Defense
1 - 58% - 70% - 2:21
2 - 42% - 30% - 1:44
PK Forward
1 - 67% - 60% - 9:06
2 - 33% - 40% - 4:24
PK Defense
1 - 47% - 60% - 6:19
2 - 53% - 40% - 7:11
PK3 Forward
1 - 68% - 60% - 0:47
2 - 32% - 40% - 0:22
PK3 Defense
1 - 46% - 60% - 0:32
2 - 54% - 40% - 0:37
44 Forward
1 - 0% - 60%
2 - 0% - 40%
44 Defense
1 - 0% - 60%
2 - 0% - 40%
Last Minute Offensive  - 0:00
Last Minute Defensive  - 0:00
Total
Forward - 60:00
Defense - 60:00

Play-by-Play

1st period


0:01 of 1st period - William Karlsson wins face-off versus Jack Eichel in neutral zone.
0:06 of 1st period - Alex Tuch is hit by William Karlsson and loses puck.
0:26 of 1st period - Icing by Alex Tuch.
0:27 of 1st period - Jack Eichel wins face-off versus Casey Mittelstadt in BUFFALO Sabres zone.
0:48 of 1st period - Shot by Jack Eichel.
0:48 of 1st period - Shot Hit the Post.
1:54 of 1st period - Shot by Ryan Strome.
1:54 of 1st period - Deflect By Jason Dickinson.
1:54 of 1st period - Stopped by Igor Shesterkin without a rebound.
1:55 of 1st period - William Karlsson wins face-off versus Tage Thompson in BUFFALO Sabres zone.
2:07 of 1st period - Icing by John Carlson.
2:08 of 1st period - Nick Bjugstad wins face-off versus William Karlsson in WASHINGTON Capitals zone.
2:13 of 1st period - Shot by Jonas Brodin.
2:13 of 1st period - Shot Misses the Net.
2:22 of 1st period - Minor Penalty to Nick Bjugstad for Tripping.
2:23 of 1st period - Nico Hischier wins face-off versus Matt Duchene in BUFFALO Sabres zone.
2:58 of 1st period - Shot by John Carlson.
2:58 of 1st period - Deflect By Matt Duchene.
2:58 of 1st period - Stopped by Igor Shesterkin without a rebound.
2:59 of 1st period - William Karlsson wins face-off versus Nico Hischier in BUFFALO Sabres zone.
3:16 of 1st period - Shot by Mario Ferraro.
3:16 of 1st period - Goal by Mario Ferraro - BUFFALO Sabres : 0 - WASHINGTON Capitals : 1.
3:17 of 1st period - Jack Eichel wins face-off versus Barrett Hayton in neutral zone.
3:25 of 1st period - Icing by Ross Colton.
3:26 of 1st period - Tage Thompson wins face-off versus Barrett Hayton in WASHINGTON Capitals zone.
3:56 of 1st period - Shot by Ross Colton.
3:56 of 1st period - Stopped by Igor Shesterkin without a rebound.
3:57 of 1st period - Matt Duchene wins face-off versus Nico Hischier in BUFFALO Sabres zone.
4:08 of 1st period - Shot by Matt Duchene.
4:08 of 1st period - Shot Misses the Net.
4:11 of 1st period - Icing by Jon Merrill.
4:12 of 1st period - Nico Hischier wins face-off versus Christian Dvorak in BUFFALO Sabres zone.
4:29 of 1st period - Minor Penalty to Carson Soucy for Cross-checking.
4:30 of 1st period - Jack Eichel wins face-off versus William Karlsson in WASHINGTON Capitals zone.
4:31 of 1st period - Shot by Jonas Brodin.
4:31 of 1st period - Stopped by Scott Wedgewood without a rebound.
4:32 of 1st period - William Karlsson wins face-off versus Nico Hischier in WASHINGTON Capitals zone.
4:53 of 1st period - Off-side.
4:54 of 1st period - Ivan Barbashev wins face-off versus Jack Eichel in neutral zone.
5:22 of 1st period - Icing by Jakob Chychrun.
5:23 of 1st period - Jack Eichel wins face-off versus Jason Dickinson in BUFFALO Sabres zone.
5:27 of 1st period - Icing by Vladimir Tarasenko.
5:28 of 1st period - William Karlsson wins face-off versus Jack Eichel in BUFFALO Sabres zone.
5:45 of 1st period - Shot by Jakob Chychrun.
5:45 of 1st period - Shot Blocked by John Carlson.
5:47 of 1st period - Shot by Filip Hronek.
5:47 of 1st period - Shot Hit the Post.
5:49 of 1st period - Shot by Filip Hronek.
5:49 of 1st period - Shot Blocked by John Carlson.
6:13 of 1st period - Shot by Jesper Bratt.
6:13 of 1st period - Stopped by Scott Wedgewood without a rebound.
6:14 of 1st period - Nico Hischier wins face-off versus Jason Dickinson in WASHINGTON Capitals zone.
6:21 of 1st period - Shot by Nico Hischier.
6:21 of 1st period - Shot Misses the Net.
6:23 of 1st period - Shot by Jonas Brodin.
6:23 of 1st period - Goal by Jonas Brodin - BUFFALO Sabres : 1 - WASHINGTON Capitals : 1.
6:24 of 1st period - Matt Duchene wins face-off versus Tage Thompson in neutral zone.
6:33 of 1st period - Icing by Logan O'Connor.
6:34 of 1st period - Tage Thompson wins face-off versus Casey Mittelstadt in BUFFALO Sabres zone.
6:34 of 1st period - Tage Thompson is hit by Brock Boeser.
6:54 of 1st period - Mario Ferraro is hit by Tage Thompson.
7:21 of 1st period - Icing by Jonas Brodin.
7:22 of 1st period - Tage Thompson wins face-off versus William Karlsson in BUFFALO Sabres zone.
7:22 of 1st period - Logan O'Connor is hit by Pavel Buchnevich and loses puck.
7:24 of 1st period - Minor Penalty to William Karlsson for Holding.
7:25 of 1st period - Christian Dvorak wins face-off versus Nico Hischier in WASHINGTON Capitals zone.
7:46 of 1st period - Shot by Jesper Bratt.
7:46 of 1st period - Shot Misses the Net.
8:09 of 1st period - Shot by Jakob Chychrun.
8:09 of 1st period - Shot Misses the Net.
9:38 of 1st period - John Carlson is hit by Brett Kulak and loses puck.
9:44 of 1st period - Icing by Filip Hronek.
9:45 of 1st period - Barrett Hayton wins face-off versus Nick Bjugstad in BUFFALO Sabres zone.
10:24 of 1st period - Pavel Buchnevich is hit by Brett Kulak and loses puck.
10:50 of 1st period - Jon Merrill is hit by Casey Mittelstadt.
10:54 of 1st period - Shot by Tage Thompson.
10:54 of 1st period - Stopped by Scott Wedgewood without a rebound.
10:55 of 1st period - Ryan Strome wins face-off versus Jack Eichel in WASHINGTON Capitals zone.
11:30 of 1st period - Shot by Ryan Strome.
11:30 of 1st period - Stopped by Igor Shesterkin without a rebound.
11:31 of 1st period - William Karlsson wins face-off versus Nico Hischier in BUFFALO Sabres zone.
11:33 of 1st period - Pavel Buchnevich is hit by Jon Merrill and loses puck.
11:46 of 1st period - William Karlsson is hit by Nico Hischier and loses puck.
12:30 of 1st period - Icing by Ivan Provorov.
12:31 of 1st period - Matt Duchene wins face-off versus Tage Thompson in BUFFALO Sabres zone.
12:44 of 1st period - Shot by Matt Duchene.
12:44 of 1st period - Stopped by Igor Shesterkin without a rebound.
12:45 of 1st period - Christian Dvorak wins face-off versus Alex Tuch in BUFFALO Sabres zone.
13:27 of 1st period - Alex Tuch is hit by Jason Dickinson and loses puck.
13:58 of 1st period - Brock Boeser is hit by Jonas Brodin and loses puck.
14:11 of 1st period - Shot by Valeri Nichushkin.
14:11 of 1st period - Shot Misses the Net.
14:13 of 1st period - Shot by Jonas Brodin.
14:13 of 1st period - Shot Misses the Net.
14:27 of 1st period - Shot by Nico Hischier.
14:27 of 1st period - Deflect By Jesper Bratt.
14:27 of 1st period - Stopped by Scott Wedgewood with a rebound.
14:29 of 1st period - Shot by Jesper Bratt.
14:29 of 1st period - Stopped by Scott Wedgewood with a rebound.
14:48 of 1st period - Icing by Logan O'Connor.
14:49 of 1st period - Tage Thompson wins face-off versus William Karlsson in BUFFALO Sabres zone.
15:20 of 1st period - Minor Penalty to Jakob Chychrun for Tripping.
15:21 of 1st period - Matt Duchene wins face-off versus Nico Hischier in BUFFALO Sabres zone.
15:39 of 1st period - Off-side.
15:40 of 1st period - William Karlsson wins face-off versus Nico Hischier in neutral zone.
15:43 of 1st period - Shot by Torey Krug.
15:43 of 1st period - Shot Blocked by Jon Merrill.
15:45 of 1st period - Shot by Brock Boeser.
15:45 of 1st period - Shot Blocked by Jon Merrill.
15:57 of 1st period - Shot by Mario Ferraro.
15:57 of 1st period - Shot Misses the Net.
16:37 of 1st period - Shot by John Carlson.
16:37 of 1st period - Shot Blocked by Jonas Brodin.
17:33 of 1st period - Shot by Nick Bjugstad.
17:33 of 1st period - Stopped by Scott Wedgewood without a rebound.
17:34 of 1st period - Jack Eichel wins face-off versus Barrett Hayton in WASHINGTON Capitals zone.
18:03 of 1st period - Shot by Vladimir Tarasenko.
18:03 of 1st period - Stopped by Scott Wedgewood without a rebound.
18:04 of 1st period - Christian Dvorak wins face-off versus Tage Thompson in WASHINGTON Capitals zone.
18:06 of 1st period - Icing by Torey Krug.
18:07 of 1st period - Christian Dvorak wins face-off versus Nick Bjugstad in WASHINGTON Capitals zone.
18:27 of 1st period - Minor Penalty to Curtis Lazar for Holding Stick.
18:28 of 1st period - William Karlsson wins face-off versus Nico Hischier in BUFFALO Sabres zone.
18:33 of 1st period - Shot by Brock Boeser.
18:33 of 1st period - Shot Misses the Net.
18:41 of 1st period - Shot by William Karlsson.
18:41 of 1st period - Shot Misses the Net.
19:29 of 1st period - Shot by Matt Duchene.
19:29 of 1st period - Shot Misses the Net.
19:33 of 1st period - Shot by Ivan Barbashev.
19:33 of 1st period - Stopped by Igor Shesterkin with a rebound.
19:35 of 1st period - Shot by Mario Ferraro.
19:35 of 1st period - Stopped by Igor Shesterkin without a rebound.
19:36 of 1st period - Matt Duchene wins face-off versus Nico Hischier in BUFFALO Sabres zone.
19:37 of 1st period - Shot by Ivan Barbashev.
19:37 of 1st period - Shot Misses the Net.
19:39 of 1st period - Shot by Mario Ferraro.
19:39 of 1st period - Goal by Mario Ferraro - BUFFALO Sabres : 1 - WASHINGTON Capitals : 2.
19:40 of 1st period - Christian Dvorak wins face-off versus Jack Eichel in neutral zone.
Goals for this period are 1 for BUFFALO Sabres vs 2 for WASHINGTON Capitals.
Shots for this period are 8 for BUFFALO Sabres vs 9 for WASHINGTON Capitals.

2nd period


0:01 of 2nd period - William Karlsson wins face-off versus Vladimir Tarasenko in neutral zone.
0:24 of 2nd period - Shot by Pavel Buchnevich.
0:24 of 2nd period - Shot Misses the Net.
0:30 of 2nd period - Shot by Pavel Buchnevich.
0:30 of 2nd period - Stopped by Igor Shesterkin without a rebound.
0:31 of 2nd period - Nico Hischier wins face-off versus Matt Duchene in BUFFALO Sabres zone.
0:48 of 2nd period - Shot by Nico Hischier.
0:48 of 2nd period - Goal by Nico Hischier - BUFFALO Sabres : 2 - WASHINGTON Capitals : 2.
0:49 of 2nd period - Christian Dvorak wins face-off versus Tage Thompson in neutral zone.
0:56 of 2nd period - Shot by Jason Dickinson.
0:56 of 2nd period - Shot Blocked by Logan O'Connor.
0:58 of 2nd period - Shot by John Carlson.
0:58 of 2nd period - Stopped by Igor Shesterkin without a rebound.
0:59 of 2nd period - William Karlsson wins face-off versus Jack Eichel in BUFFALO Sabres zone.
1:03 of 2nd period - Shot by Ian Cole.
1:03 of 2nd period - Shot Misses the Net.
1:05 of 2nd period - Shot by William Karlsson.
1:05 of 2nd period - Shot Hit the Post.
1:39 of 2nd period - Shot by Ian Cole.
1:39 of 2nd period - Stopped by Igor Shesterkin without a rebound.
1:40 of 2nd period - Nico Hischier wins face-off versus Matt Duchene in BUFFALO Sabres zone.
1:53 of 2nd period - Shot by Nico Hischier.
1:53 of 2nd period - Shot Misses the Net.
1:56 of 2nd period - Matt Duchene beats up Brett Kulak.
1:56 of 2nd period - Penalty to Matt Duchene for Fighting.
1:56 of 2nd period - Penalty to Brett Kulak for Fighting.
1:57 of 2nd period - Tage Thompson wins face-off versus Christian Dvorak in neutral zone.
2:04 of 2nd period - Shot by Tage Thompson.
2:04 of 2nd period - Shot Misses the Net.
2:15 of 2nd period - Icing by Tage Thompson.
2:16 of 2nd period - Pavel Buchnevich wins face-off versus Tage Thompson in BUFFALO Sabres zone.
2:16 of 2nd period - Pavel Buchnevich is hit by Jon Merrill.
2:20 of 2nd period - Shot by Pavel Buchnevich.
2:20 of 2nd period - Stopped by Igor Shesterkin without a rebound.
2:21 of 2nd period - Nico Hischier wins face-off versus William Karlsson in BUFFALO Sabres zone.
2:38 of 2nd period - Shot by Valeri Nichushkin.
2:38 of 2nd period - Shot Misses the Net.
2:40 of 2nd period - Shot by Jesper Bratt.
2:40 of 2nd period - Shot Misses the Net.
2:42 of 2nd period - Shot by Nico Hischier.
2:42 of 2nd period - Shot Misses the Net.
3:00 of 2nd period - Shot by Jesper Bratt.
3:00 of 2nd period - Shot Misses the Net.
3:02 of 2nd period - Shot by Valeri Nichushkin.
3:02 of 2nd period - Stopped by Scott Wedgewood without a rebound.
3:03 of 2nd period - Christian Dvorak wins face-off versus Jack Eichel in WASHINGTON Capitals zone.
3:47 of 2nd period - Shot by Brock Boeser.
3:47 of 2nd period - Deflect By Christian Dvorak.
3:47 of 2nd period - Stopped by Igor Shesterkin with a rebound.
4:08 of 2nd period - Icing by Barrett Hayton.
4:09 of 2nd period - Barrett Hayton wins face-off versus Nico Hischier in WASHINGTON Capitals zone.
4:54 of 2nd period - Off-side.
4:55 of 2nd period - Tage Thompson wins face-off versus William Karlsson in neutral zone.
5:06 of 2nd period - Jon Merrill is hit by Casey Mittelstadt and loses puck.
5:15 of 2nd period - Logan O'Connor is hit by Brock Boeser and loses puck.
5:26 of 2nd period - Shot by William Karlsson.
5:26 of 2nd period - Shot Misses the Net.
5:28 of 2nd period - Shot by John Carlson.
5:28 of 2nd period - Shot Blocked by Logan O'Connor.
6:19 of 2nd period - Off-side.
6:20 of 2nd period - Barrett Hayton wins face-off versus Nico Hischier in neutral zone.
6:53 of 2nd period - Minor Penalty to Carson Soucy for Holding.
6:54 of 2nd period - William Karlsson wins face-off versus Jack Eichel in WASHINGTON Capitals zone.
6:54 of 2nd period - William Karlsson is hit by Jack Eichel.
7:08 of 2nd period - Shot by Valeri Nichushkin.
7:08 of 2nd period - Deflect By Vladimir Tarasenko.
7:08 of 2nd period - Stopped by Scott Wedgewood without a rebound.
7:09 of 2nd period - William Karlsson wins face-off versus Nico Hischier in WASHINGTON Capitals zone.
7:24 of 2nd period - Shot by Nico Hischier.
7:24 of 2nd period - Shot Misses the Net.
7:39 of 2nd period - Icing by Jesper Bratt.
7:40 of 2nd period - William Karlsson wins face-off versus Jesper Bratt in BUFFALO Sabres zone.
10:08 of 2nd period - Shot by Pavel Buchnevich.
10:08 of 2nd period - Stopped by Igor Shesterkin with a rebound.
10:10 of 2nd period - Shot by William Karlsson.
10:10 of 2nd period - Stopped by Igor Shesterkin without a rebound.
10:11 of 2nd period - Valeri Nichushkin wins face-off versus Christian Dvorak in BUFFALO Sabres zone.
10:13 of 2nd period - Icing by Nico Hischier.
10:14 of 2nd period - Nico Hischier wins face-off versus Christian Dvorak in BUFFALO Sabres zone.
10:36 of 2nd period - Ryan Strome is hit by Filip Hronek and loses puck.
11:04 of 2nd period - Off-side.
11:05 of 2nd period - William Karlsson wins face-off versus Jack Eichel in neutral zone.
11:25 of 2nd period - Alex Tuch is hit by Kevin Shattenkirk and loses puck.
12:16 of 2nd period - Shot by Seth Jarvis.
12:16 of 2nd period - Shot Misses the Net.
12:30 of 2nd period - Shot by Logan O'Connor.
12:30 of 2nd period - Shot Misses the Net.
12:34 of 2nd period - Shot by Tage Thompson.
12:34 of 2nd period - Shot Misses the Net.
12:36 of 2nd period - Shot by Jakob Chychrun.
12:36 of 2nd period - Stopped by Scott Wedgewood without a rebound.
12:37 of 2nd period - Nico Hischier wins face-off versus Christian Dvorak in WASHINGTON Capitals zone.
12:42 of 2nd period - Shot by Jesper Bratt.
12:42 of 2nd period - Stopped by Scott Wedgewood without a rebound.
12:43 of 2nd period - Christian Dvorak wins face-off versus Nico Hischier in WASHINGTON Capitals zone.
12:43 of 2nd period - Ryan Strome is hit by Valeri Nichushkin and loses puck.
13:26 of 2nd period - Double Minor Penalty to Ryan Strome for High sticking.
13:27 of 2nd period - William Karlsson wins face-off versus Jack Eichel in WASHINGTON Capitals zone.
13:50 of 2nd period - Shot by Vladimir Tarasenko.
13:50 of 2nd period - Shot Misses the Net.
13:52 of 2nd period - Shot by Ivan Provorov.
13:52 of 2nd period - Stopped by Scott Wedgewood without a rebound.
13:53 of 2nd period - William Karlsson wins face-off versus Nico Hischier in WASHINGTON Capitals zone.
14:04 of 2nd period - Ivan Barbashev is hit by Alex Tuch and loses puck.
14:11 of 2nd period - Shot by Nico Hischier.
14:11 of 2nd period - Stopped by Scott Wedgewood without a rebound.
14:12 of 2nd period - William Karlsson wins face-off versus Jack Eichel in WASHINGTON Capitals zone.
14:37 of 2nd period - Shot by Jonas Brodin.
14:37 of 2nd period - Stopped by Scott Wedgewood without a rebound.
14:38 of 2nd period - William Karlsson wins face-off versus Nico Hischier in WASHINGTON Capitals zone.
14:44 of 2nd period - Icing by Nico Hischier.
14:45 of 2nd period - William Karlsson wins face-off versus Nico Hischier in BUFFALO Sabres zone.
14:55 of 2nd period - Icing by Filip Hronek.
14:56 of 2nd period - William Karlsson wins face-off versus Nico Hischier in BUFFALO Sabres zone.
15:04 of 2nd period - Off-side.
15:05 of 2nd period - William Karlsson wins face-off versus Nico Hischier in neutral zone.
15:14 of 2nd period - Shot by Alex Tuch.
15:14 of 2nd period - Stopped by Scott Wedgewood without a rebound.
15:15 of 2nd period - Nico Hischier wins face-off versus William Karlsson in WASHINGTON Capitals zone.
15:22 of 2nd period - Shot by Nico Hischier.
15:22 of 2nd period - Shot Blocked by William Karlsson.
15:24 of 2nd period - Shot by Jonas Brodin.
15:24 of 2nd period - Shot Misses the Net.
15:46 of 2nd period - Shot by Jonas Brodin.
15:46 of 2nd period - Shot Blocked by Ian Cole.
15:49 of 2nd period - Nico Hischier is hit by Ian Cole and loses puck.
16:24 of 2nd period - Icing by Jakob Chychrun.
16:25 of 2nd period - William Karlsson wins face-off versus Jack Eichel in BUFFALO Sabres zone.
17:00 of 2nd period - Shot by Jakob Chychrun.
17:00 of 2nd period - Shot Blocked by John Carlson.
17:18 of 2nd period - Shot by Alex Tuch.
17:18 of 2nd period - Stopped by Scott Wedgewood without a rebound.
17:19 of 2nd period - Jason Dickinson wins face-off versus Nico Hischier in WASHINGTON Capitals zone.
17:46 of 2nd period - Shot by Jon Merrill.
17:46 of 2nd period - Shot Misses the Net.
17:48 of 2nd period - Shot by Jakob Chychrun.
17:48 of 2nd period - Stopped by Scott Wedgewood without a rebound.
17:49 of 2nd period - Nick Bjugstad wins face-off versus Jason Dickinson in WASHINGTON Capitals zone.
17:53 of 2nd period - Icing by Jason Dickinson.
17:54 of 2nd period - Christian Dvorak wins face-off versus Jack Eichel in WASHINGTON Capitals zone.
17:54 of 2nd period - Christian Dvorak is hit by Alex Tuch.
18:01 of 2nd period - Ryan Strome is hit by Vladimir Tarasenko and loses puck.
18:12 of 2nd period - Shot by Vladimir Tarasenko.
18:12 of 2nd period - Stopped by Scott Wedgewood without a rebound.
18:13 of 2nd period - William Karlsson wins face-off versus Nico Hischier in WASHINGTON Capitals zone.
19:39 of 2nd period - Shot by Alex Tuch.
19:39 of 2nd period - Shot Misses the Net.
19:53 of 2nd period - Shot by Vladimir Tarasenko.
19:53 of 2nd period - Goal by Vladimir Tarasenko - BUFFALO Sabres : 3 - WASHINGTON Capitals : 2.
19:54 of 2nd period - Nick Bjugstad wins face-off versus Christian Dvorak in neutral zone.
Goals for this period are 2 for BUFFALO Sabres vs 0 for WASHINGTON Capitals.
Shots for this period are 13 for BUFFALO Sabres vs 7 for WASHINGTON Capitals.

3rd period


0:01 of 3rd period - Ivan Barbashev wins face-off versus Jack Eichel in neutral zone.
0:06 of 3rd period - Jonas Brodin is hit by Ivan Barbashev and loses puck.
0:24 of 3rd period - Icing by John Carlson.
0:25 of 3rd period - William Karlsson wins face-off versus Nico Hischier in WASHINGTON Capitals zone.
2:19 of 3rd period - Shot by Jack Eichel.
2:19 of 3rd period - Stopped by Scott Wedgewood with a rebound.
2:21 of 3rd period - Shot by Jonas Brodin.
2:21 of 3rd period - Stopped by Scott Wedgewood without a rebound.
2:22 of 3rd period - William Karlsson wins face-off versus Tage Thompson in WASHINGTON Capitals zone.
2:35 of 3rd period - Shot by Ivan Barbashev.
2:35 of 3rd period - Stopped by Igor Shesterkin without a rebound.
2:36 of 3rd period - Nick Bjugstad wins face-off versus Christian Dvorak in BUFFALO Sabres zone.
3:42 of 3rd period - Ivan Provorov is hit by Pavel Buchnevich and loses puck.
4:03 of 3rd period - Shot by Pavel Buchnevich.
4:03 of 3rd period - Deflect By Ivan Barbashev.
4:03 of 3rd period - Shot Misses the Net.
4:10 of 3rd period - Icing by Jack Eichel.
4:11 of 3rd period - Matt Duchene wins face-off versus Jack Eichel in BUFFALO Sabres zone.
4:16 of 3rd period - Shot by Brock Boeser.
4:16 of 3rd period - Stopped by Igor Shesterkin with a rebound.
5:02 of 3rd period - Shot by Valeri Nichushkin.
5:02 of 3rd period - Shot Misses the Net.
5:04 of 3rd period - Shot by Valeri Nichushkin.
5:04 of 3rd period - Deflect By Nico Hischier.
5:04 of 3rd period - Stopped by Scott Wedgewood without a rebound.
5:05 of 3rd period - Tage Thompson wins face-off versus Pavel Buchnevich in WASHINGTON Capitals zone.
5:29 of 3rd period - Pavel Buchnevich is hit by Jon Merrill and loses puck.
5:35 of 3rd period - William Karlsson is hit by Jakob Chychrun.
6:17 of 3rd period - Shot by Jesper Bratt.
6:17 of 3rd period - Shot Misses the Net.
6:19 of 3rd period - Shot by Brett Kulak.
6:19 of 3rd period - Stopped by Scott Wedgewood without a rebound.
6:20 of 3rd period - Brock Boeser wins face-off versus Jack Eichel in WASHINGTON Capitals zone.
6:38 of 3rd period - Shot by Casey Mittelstadt.
6:38 of 3rd period - Stopped by Igor Shesterkin without a rebound.
6:39 of 3rd period - Christian Dvorak wins face-off versus Nico Hischier in BUFFALO Sabres zone.
6:39 of 3rd period - Christian Dvorak is hit by Brett Kulak.
7:07 of 3rd period - Shot by Carson Soucy.
7:07 of 3rd period - Stopped by Igor Shesterkin without a rebound.
7:08 of 3rd period - Pavel Buchnevich wins face-off versus Jack Eichel in BUFFALO Sabres zone.
7:08 of 3rd period - William Karlsson is hit by Jonas Brodin and loses puck.
7:41 of 3rd period - Shot by Vladimir Tarasenko.
7:41 of 3rd period - Stopped by Scott Wedgewood without a rebound.
7:42 of 3rd period - Matt Duchene wins face-off versus Nico Hischier in WASHINGTON Capitals zone.
7:47 of 3rd period - Shot by Nico Hischier.
7:47 of 3rd period - Shot Misses the Net.
8:11 of 3rd period - Shot by Casey Mittelstadt.
8:11 of 3rd period - Stopped by Igor Shesterkin without a rebound.
8:12 of 3rd period - William Karlsson wins face-off versus Jack Eichel in BUFFALO Sabres zone.
8:20 of 3rd period - Ivan Provorov is hit by Kevin Shattenkirk and loses puck.
8:27 of 3rd period - Shot by Alex Tuch.
8:27 of 3rd period - Shot Blocked by Pavel Buchnevich.
8:29 of 3rd period - Shot by Ivan Provorov.
8:29 of 3rd period - Shot Hit the Post.
8:34 of 3rd period - Icing by Ivan Barbashev.
8:35 of 3rd period - Nico Hischier wins face-off versus Ivan Barbashev in WASHINGTON Capitals zone.
8:57 of 3rd period - Nico Hischier is hit by Kevin Shattenkirk and loses puck.
8:58 of 3rd period - Minor Penalty to Kevin Shattenkirk for Roughing.
8:59 of 3rd period - William Karlsson wins face-off versus Jack Eichel in WASHINGTON Capitals zone.
9:08 of 3rd period - Vladimir Tarasenko is hit by William Karlsson and loses puck.
9:19 of 3rd period - Shot by Vladimir Tarasenko.
9:19 of 3rd period - Shot Misses the Net.
9:21 of 3rd period - Shot by Ivan Provorov.
9:21 of 3rd period - Stopped by Scott Wedgewood without a rebound.
9:22 of 3rd period - Jason Dickinson wins face-off versus Nico Hischier in WASHINGTON Capitals zone.
9:36 of 3rd period - Filip Hronek is hit by Jason Dickinson.
9:40 of 3rd period - Shot by Alex Tuch.
9:40 of 3rd period - Shot Misses the Net.
9:44 of 3rd period - Shot by Jakob Chychrun.
9:44 of 3rd period - Stopped by Scott Wedgewood with a rebound.
9:48 of 3rd period - Minor Penalty to Carson Soucy for Tripping.
9:49 of 3rd period - William Karlsson wins face-off versus Jack Eichel in WASHINGTON Capitals zone.
10:11 of 3rd period - Jack Eichel is hit by Mario Ferraro and loses puck.
10:26 of 3rd period - Shot by Ivan Provorov.
10:26 of 3rd period - Shot Misses the Net.
11:16 of 3rd period - Shot by Alex Tuch.
11:16 of 3rd period - Shot Blocked by Mario Ferraro.
11:18 of 3rd period - Shot by Filip Hronek.
11:18 of 3rd period - Shot Blocked by William Karlsson.
12:05 of 3rd period - Mario Ferraro is hit by Tage Thompson and loses puck.
13:14 of 3rd period - Shot by Nick Bjugstad.
13:14 of 3rd period - Stopped by Scott Wedgewood without a rebound.
13:15 of 3rd period - Jack Eichel wins face-off versus Christian Dvorak in WASHINGTON Capitals zone.
13:15 of 3rd period - Jack Eichel is hit by John Carlson.
13:26 of 3rd period - Icing by Filip Hronek.
13:27 of 3rd period - William Karlsson wins face-off versus Jack Eichel in BUFFALO Sabres zone.
13:30 of 3rd period - Shot by Pavel Buchnevich.
13:30 of 3rd period - Stopped by Igor Shesterkin without a rebound.
13:31 of 3rd period - Jack Eichel wins face-off versus Pavel Buchnevich in BUFFALO Sabres zone.
14:54 of 3rd period - Shot by Nico Hischier.
14:54 of 3rd period - Stopped by Scott Wedgewood without a rebound.
14:55 of 3rd period - Matt Duchene wins face-off versus Tage Thompson in WASHINGTON Capitals zone.
15:26 of 3rd period - Shot by Brock Boeser.
15:26 of 3rd period - Shot Misses the Net.
15:34 of 3rd period - Shot by Tage Thompson.
15:34 of 3rd period - Stopped by Scott Wedgewood with a rebound.
15:36 of 3rd period - Shot by Filip Hronek.
15:36 of 3rd period - Stopped by Scott Wedgewood with a rebound.
15:57 of 3rd period - Minor Penalty to Pavel Buchnevich for Roughing.
15:58 of 3rd period - William Karlsson wins face-off versus Alex Tuch in WASHINGTON Capitals zone.
15:58 of 3rd period - William Karlsson is hit by Nico Hischier.
16:05 of 3rd period - Icing by Ivan Provorov.
16:06 of 3rd period - William Karlsson wins face-off versus Nico Hischier in BUFFALO Sabres zone.
16:06 of 3rd period - John Carlson is hit by Ivan Provorov and loses puck.
16:41 of 3rd period - Shot by Ivan Provorov.
16:41 of 3rd period - Stopped by Scott Wedgewood without a rebound.
16:42 of 3rd period - Jack Eichel wins face-off versus William Karlsson in WASHINGTON Capitals zone.
16:42 of 3rd period - Jack Eichel is hit by Ian Cole.
16:56 of 3rd period - Shot by Jack Eichel.
16:56 of 3rd period - Stopped by Scott Wedgewood with a rebound.
17:08 of 3rd period - Shot by Jakob Chychrun.
17:08 of 3rd period - Shot Misses the Net.
17:10 of 3rd period - Shot by Filip Hronek.
17:10 of 3rd period - Shot Misses the Net.
17:12 of 3rd period - Shot by Filip Hronek.
17:12 of 3rd period - Stopped by Scott Wedgewood with a rebound.
17:14 of 3rd period - Shot by Filip Hronek.
17:14 of 3rd period - Stopped by Scott Wedgewood without a rebound.
17:15 of 3rd period - Jason Dickinson wins face-off versus Nico Hischier in WASHINGTON Capitals zone.
17:48 of 3rd period - Mario Ferraro is hit by Nico Hischier and loses puck.
18:37 of 3rd period - Shot by Matt Duchene.
18:37 of 3rd period - Shot Blocked by Brett Kulak.
18:46 of 3rd period - Off-side.
18:47 of 3rd period - Christian Dvorak wins face-off versus Nick Bjugstad in neutral zone.
18:50 of 3rd period - Jon Merrill is hit by Ryan Strome and loses puck.
19:01 of 3rd period - WASHINGTON Capitals, Scott Wedgewood is pulled from the net.
19:51 of 3rd period - Ian Cole is hit by Nico Hischier and loses puck.
Goals for this period are 0 for BUFFALO Sabres vs 0 for WASHINGTON Capitals.
Shots for this period are 15 for BUFFALO Sabres vs 6 for WASHINGTON Capitals. Output by the SimonT Hockey Simulator (STHS) for Martin Benoit - Original Page W3C HTML5 Valid
Hockey Simulator - Hockey Simulation - Hockey Manager